 Dungeon Crawl Stone Soup version 0.32-a0-128-g77eb882913 (webtiles) character file.

Game seed: 7400336016280287006

1830951 EnegeticOcto the Naga Barricade (level 27, 276/276 HPs)
             Began as a Naga Delver on Feb 8, 2024.
             Was a Follower of Uskayaw.
             Escaped with the Orb
             ... and 3 runes on Feb 9, 2024!
             The game lasted 01:32:55 (60064 turns).

EnegeticOcto the Naga Barricade (Naga Delver)      Turns: 60064, Time: 01:32:56

Health: 276/276    AC: 48    Str: 38    XL:     27
Magic:  54/54      EV: 14    Int: 10    God:    Uskayaw [*.....]
Gold:   3095       SH: 37    Dex: 14    Spells: 23/26 levels left

rFire   + + .        C - +11 broad axe of World Downfall {heavy, Fly Str+3 Int+3}
rCold   + . .        a - +12 tower shield "Zeriruf" {Stlth+}
rNeg    + . .        O - +3 plate armour {rF+}
rPois   +            S - +1 helmet of Daisies {rPois rC+}
rElec   +            y - +1 cloak of Twilight {Regen+ Str+3 SInv}
rCorr   .            G - +2 pair of gloves
SInv    +            M - +4 barding
Will    ++++.        g - amulet "Buivym" {Faith rElec rN+} Stlth
                     Z - ring of the King {rF+ MP+9 Str+3}
HPRegen 1.46/turn    m - ring of Brilliance {Will+ MP+9 EV+5 Dex+2}
MPRegen 0.34/turn

%: faith
@: flying, studying Fire Magic, very slow
A: AC +9, large, see invisible, deformed body, poison resistance, slowness 2,
spit poison 1, naga tail 2, iridescent scales 2, dopey 2, mutation resistance 1,
noise suppression
0: Orb of Zot
}: 3/15 runes: decaying, serpentine, silver
a: Spit Poison, Renounce Religion, Stomp


You escaped.
You worshipped Uskayaw.
Uskayaw was most pleased with you.
You visited 11 branches of the dungeon, and saw 51 of its levels.
You visited the Abyss 1 time.
You also visited: Trove, Gauntlet, Ice Cave, Wizlab and Desolation.

You collected 8732 gold pieces.
You spent 5637 gold pieces at shops.

Inventory:

Hand Weapons
 C - the +11 broad axe of World Downfall (weapon) {heavy, Fly Str+3 Int+3}
   (You found it on level 3 of the Lair of Beasts)

   Str+3:     It affects your strength (+3).
   Int+3:     It affects your intelligence (+3).
   Fly:       It grants you flight.
Missiles
 A - 6 curare-tipped darts (quivered)
 B - 2 throwing nets {!f}
Armour
 a - the +12 tower shield "Zeriruf" (worn) {Stlth+}
   (You found it in a treasure trove)

   Stlth+:    It makes you more stealthy.
 y - the +1 cloak of Twilight (worn) {Regen+ Str+3 SInv}
   (You found it in the Desolation of Salt)

   Str+3:     It affects your strength (+3).
   SInv:      It lets you see invisible.
   Regen+:    It increases your rate of health regeneration.
 G - a +2 pair of gloves (worn)
   (You found it on level 4 of the Dungeon)
 M - a +4 barding (worn)
   (You found it on level 8 of the Dungeon)
 O - a +3 plate armour of fire resistance (worn)
   (You took it off a hell knight on level 1 of the Depths)
 S - the +1 helmet of Daisies (worn) {rPois rC+}
   (You bought it in a shop on level 1 of the Vaults)

   rC+:       It protects you from cold.
   rPois:     It protects you from poison
Jewellery
 b - a +5 ring of evasion
   (You took it off a grey draconian on level 1 of the Realm of Zot)
 c - the ring of the Firefly {*Slow +Blink rF+ EV+5}
   (You found it in a treasure trove)

   [ring of evasion]

   EV+5:      It affects your evasion (+5).
   rF+:       It protects you from fire.
   +Blink:    It lets you blink.
   *Slow:     It may slow you when you take damage.
 g - the amulet "Buivym" (around neck) {Faith rElec rN+}
   (You found it in a treasure trove)

   [amulet of faith]

   Faith:     It allows you to gain divine favour quickly.
   rElec:     It insulates you from electricity.
   rN+:       It protects you from negative energy.
 m - the ring of Brilliance (right hand) {Will+ MP+9 EV+5 Dex+2}
   (You took it off a minotaur in a Gauntlet)

   [ring of evasion]

   EV+5:      It affects your evasion (+5).
   Dex+2:     It affects your dexterity (+2).
   Will+:     It increases your willpower.
   MP+9:      It affects your magic capacity (+9).
 s - the ring of Sovereignty {*Corrode rElec Int+5 Dex+6 SInv}
   (You found it on level 4 of the Realm of Zot)

   [ring of dexterity]

   Int+5:     It affects your intelligence (+5).
   Dex+6:     It affects your dexterity (+6).
   rElec:     It insulates you from electricity.
   SInv:      It lets you see invisible.
   *Corrode:  It may corrode you when you take damage.
 Z - the ring of the King (left hand) {rF+ MP+9 Str+3}
   (You found it on level 4 of the Lair of Beasts)

   [ring of magical power]

   Str+3:     It affects your strength (+3).
   rF+:       It protects you from fire.
   MP+9:      It affects your magic capacity (+9).
Wands
 i - a wand of digging (25) {@v3}
 n - a wand of paralysis (67)
   (You found it on level 6 of the Dungeon)
 z - a wand of light (32) {@v1}
   (You found it on level 9 of the Dungeon)
 T - a wand of iceblast (48) {@v2}
   (You found it on level 13 of the Dungeon)
 W - a wand of mindburst (69)
   (You found it on level 2 of the Lair of Beasts)
 X - a wand of polymorph (39)
   (You found it on level 2 of the Lair of Beasts)
Scrolls
 e - 8 scrolls of fear {!r}
 p - 9 scrolls of vulnerability
 r - 4 scrolls of poison {!r}
 t - 4 scrolls of silence {!r}
 v - 26 scrolls of teleportation {@r3 !r}
 D - 8 scrolls of immolation
 E - 2 scrolls of fog {!r}
 F - 4 scrolls of revelation {@r5 !r}
 J - 2 scrolls of torment
 L - 5 scrolls of summoning {!r}
 Q - 9 scrolls of blinking {@r4}
Potions
 d - 9 potions of might {@q3 !q}
 f - 5 potions of haste {@q4 !q}
 h - 13 potions of heal wounds {@q2 !q}
 j - 6 potions of mutation
 k - 23 potions of curing {@q1 !q}
 l - 7 potions of attraction
 o - 10 potions of enlightenment
 u - a potion of resistance
 w - 6 potions of cancellation
 x - 2 potions of magic
 H - 2 potions of berserk rage
 I - 3 potions of invisibility
 K - 2 potions of ambrosia
 U - 4 potions of lignification {@q6}
Miscellaneous
 q - a condenser vane
   (You found it in a Gauntlet)
 N - a box of beasts
   (You found it on level 13 of the Dungeon)
 R - a phial of floods
   (You found it in a Gauntlet)
 V - a lightning rod (4/4)
   (You found it in a Gauntlet)


   Skills:
 + Level 21.7 Fighting
 - Level 2.2 Short Blades
 + Level 19.9 Axes
 + Level 16.7 Armour
 - Level 10.0 Dodging
 - Level 7.4 Stealth
 O Level 27 Shields
 - Level 18.0 Invocations
 - Level 10.0 Evocations


You had 23 spell levels left.
You knew the following spells:

 Your Spells              Type           Power      Damage    Failure   Level
p - Passwall              Erth           0%         N/A       99%         3

Your spell library contained the following spells:

 Spells                   Type           Power      Damage    Failure   Level
 Foxfire                  Conj/Fire      0%         2x1d4     80%         1
 Freeze                   Ice            0%         1d3       80%         1
 Kiss of Death            Conj/Necr      0%         2d5       80%         1
 Magic Dart               Conj           0%         1d3       80%         1
 Necrotise                Necr           0%         1d4       80%         1
 Sandblast                Erth           0%         2d4       80%         1
 Shock                    Conj/Air       0%         1d3       80%         1
 Slow                     Hex            0%         N/A       80%         1
 Call Imp                 Summ           0%         N/A       90%         2
 Ensorcelled Hibernation  Hex/Ice        0%         N/A       90%         2
 Jinxbite                 Hex            0%         N/A       90%         2
 Momentum Strike          Conj/Tloc      0%         3d8       90%         2
 Searing Ray              Conj           0%         2d4       90%         2
 Static Discharge         Conj/Air       0%         3-3/arc   90%         2
 Sublimation of Blood     Necr           0%         N/A       90%         2
 Call Canine Familiar     Summ           0%         N/A       99%         3
 Confusing Touch          Hex            0%         N/A       99%         3
 Dazzling Flash           Conj/Hex       0%         N/A       99%         3
 Frozen Ramparts          Ice            0%         1d1       99%         3
 Gell's Gravitas          Tloc           0%         N/A       99%         3
 Hailstorm                Conj/Ice       0%         3d5       99%         3
 Mephitic Cloud           Conj/Alch/Air  0%         N/A       99%         3
 Sigil of Binding         Hex            0%         N/A       99%         3
 Stone Arrow              Conj/Erth      0%         3d7       99%         3
 Summon Ice Beast         Ice/Summ       0%         N/A       99%         3
 Swiftness                Air            0%         N/A       99%         3
 Teleport Other           Tloc           0%         N/A       99%         3
 Tukima's Dance           Hex            0%         N/A       99%         3
 Vampiric Draining        Necr           0%         2d6       99%         3
 Volatile Blastmotes      Fire/Tloc      0%         2d10      99%         3
 Airstrike                Air            0%         2d(0-16)  100%        4
 Animate Armour           Summ/Erth      0%         N/A       100%        4
 Brom's Barrelling Bould  Conj/Erth      0%         2d3       100%        4
 Dimensional Bullseye     Hex/Tloc       0%         N/A       100%        4
 Dispel Undead            Necr           0%         3d6       100%        4
 Fulminant Prism          Conj/Alch      0%         3d5       100%        4
 Ignite Poison            Fire/Alch      0%         N/A       100%        4
 Iskenderun's Mystic Bla  Conj/Tloc      0%         2d3       100%        4
 Leda's Liquefaction      Alch/Erth      0%         N/A       100%        4
 Martyr's Knell           Necr/Summ      0%         N/A       100%        4
 Olgreb's Toxic Radiance  Alch           0%         N/A       100%        4
 Passage of Golubria      Tloc           0%         N/A       100%        4
 Petrify                  Alch/Erth      0%         N/A       100%        4
 Sticky Flame             Fire/Alch      0%         2d4       100%        4
 Summon Lightning Spire   Summ/Air       0%         N/A       100%        4
 Vhi's Electric Charge    Tloc/Air       0%         N/A       100%        4
 Alistair's Intoxication  Alch           0%         N/A       100%        5
 Arcjolt                  Conj/Air       0%         1d10      100%        5
 Borgnjor's Vile Clutch   Necr/Erth      0%         N/A       100%        5
 Curse of Agony           Necr           0%         N/A       100%        5
 Fireball                 Conj/Fire      0%         3d3       100%        5
 Freezing Cloud           Conj/Ice/Air   0%         6-21      100%        5
 Irradiate                Conj/Alch      0%         3d11      100%        5
 Iskenderun's Battlesphe  Conj           0%         2d6       100%        5
 Lee's Rapid Deconstruct  Erth           0%         3d4*      100%        5
 Metabolic Englaciation   Hex/Ice        0%         N/A       100%        5
 Silence                  Hex/Air        0%         N/A       100%        5
 Summon Forest            Summ/Tloc      0%         N/A       100%        5
 Summon Mana Viper        Hex/Summ       0%         N/A       100%        5
 Yara's Violent Unravell  Hex/Alch       0%         3d3       100%        5
 Bombard                  Conj/Erth      0%         9d1       100%        6
 Conjure Ball Lightning   Conj/Air       0%         3x3d6     100%        6
 Death Channel            Necr           0%         N/A       100%        6
 Dispersal                Tloc           0%         N/A       100%        6
 Eringya's Noxious Bog    Alch           0%         4d6       100%        6
 Plasma Beam              Fire/Air       0%         2x1d10    100%        6
 Sculpt Simulacrum        Ice/Alch       0%         N/A       100%        6
 Starburst                Conj/Fire      0%         6d3       100%        6
 Summon Cactus Giant      Summ           0%         N/A       100%        6
 Enfeeble                 Hex            0%         N/A       100%        7
 Malign Gateway           Summ/Tloc      0%         N/A       100%        7
 Monstrous Menagerie      Summ           0%         N/A       100%        7
 Orb of Destruction       Conj           0%         9d5       100%        7
 Ozocubu's Refrigeration  Ice            0%         4d7       100%        7
 Spellforged Servitor     Conj/Summ      0%         N/A       100%        7
 Summon Hydra             Summ           0%         N/A       100%        7
 Borgnjor's Revivificati  Necr           0%         N/A       100%        8
 Discord                  Hex            0%         N/A       100%        8
 Ignition                 Fire           0%         3d3       100%        8
 Lehudib's Crystal Spear  Conj/Erth      0%         10d2      100%        8
 Maxwell's Capacitive Co  Air            0%         ∞         100%        8
 Chain Lightning          Conj/Air       0%         N/A       100%        9
 Fire Storm               Conj/Fire      0%         5d1       100%        9
 Polar Vortex             Ice            0%         N/A       100%        9
 Shatter                  Erth           0%         3d5*      100%        9


Dungeon Overview and Level Annotations

Branches:
Dungeon (15/15)            Temple (1/1) D:4            Lair (5/5) D:11
  Swamp (4/4) Lair:2        Snake (4/4) Lair:2          Orc (2/2) D:10
    Elf (3/3) Orc:2        Vaults (5/5) D:14          Crypt (3/3) Vaults:3
   Tomb (0/3) Crypt:3      Depths (4/4) D:15            Zot (5/5) Depths:4
  IceCv (visited)          WizLab (visited)         Desolation (visited)
Gauntlet (visited)
  Slime: Lair:4-5

Altars:
Ashenzari
Cheibriados
Dithmenos
Elyvilon
Fedhas
Gozag
Hepliaklqana
Kikubaaqudgha
Makhleb
Nemelex Xobeh
Okawaru
Qazlal
Ru
Sif Muna
Trog
Uskayaw
Vehumet
Wu Jian
Xom
Yredelemnul
Zin
The Shining One
Jiyva

Shops:
D:4 =(=   Orc:2 =*?:   Elf:1 *   Snake:4 *   Vaults:1 [   Vaults:5 ![![[

Portals:
Hell: Depths:1 Depths:2 Depths:3 Depths:4
Abyss: Depths:1 Depths:3 Depths:4
Pandemonium: Depths:2 Depths:4
Ziggurat: Depths:1

Annotations:
D:12 3 runed translucent doors, Mrcake's ghost, journeyman MiBe
Lair:4 exclusion: 2 oklob plants
Swamp:1 1 runed translucent door, exclusion: door, mohammadb5305's ghost, journeyman FeAE
Snake:1 Roxanne
Elf:2 3 runed translucent doors


Innate Abilities, Weirdness & Mutations

Your serpentine skin is tough. (AC +9)
You have supernaturally acute eyesight. (SInv)
Armour fits poorly on your strangely shaped body.
Your system is resistant to poisons. (rPois)
You cover ground very slowly.
You can spit poison.
You can use your snake-like lower body to constrict enemies.
You are mostly covered in iridescent scales. (AC +4)
You are very dopey. (Int -4)
You are somewhat resistant to further mutation.
You passively dampen the noise of your surroundings.


Message History

(P) Snake Pit (O) Orcish Mines (E) Elven Halls (V) Vaults (C) Crypt (W) Tomb (U) Depths (H) Hell (Z) Zot
Where to? (Tab/Enter - D:1 @ (x,y), ? - help)
There is a stone staircase leading up here.
You fly upwards.
There is a stone staircase leading down here.
There is a stone staircase leading up here.
You fly upwards.
There is a stone staircase leading down here.
A chaos spawn comes into view.
Unknown command.
Unknown command.
You open the chaos spawn like a pillowcase!!!
You kill the chaos spawn!
The chaos spawn degenerates into a cloud of primal chaos!
No target in view!
(D) Dungeon (T) Temple (L) Lair (S) Swamp (P) Snake Pit (O) Orcish Mines (E) Elven Halls (V) Vaults (C) Crypt (W) Tomb (U) Depths (H) Hell (Z) Zot
Where to? (Tab/Enter - D:1 @ (x,y), ? - help)
A Brimstone Fiend comes into view.
Unknown command.
Unknown command.
The Brimstone Fiend calls on the powers of darkness!
Your body is wracked with pain!
You reach down and open the door.
There is an open door here.
The Brimstone Fiend gestures at you.
The sphere of damnation explodes!
The damnation engulfs you!!!
There is a stone staircase leading up here.
You fly upwards.
There is a stone staircase leading down here.
(D) Dungeon (T) Temple (L) Lair (S) Swamp (P) Snake Pit (O) Orcish Mines (E) Elven Halls (V) Vaults (C) Crypt (W) Tomb (U) Depths (H) Hell (Z) Zot
Where to? (Tab/Enter - D:1 @ (x,y), ? - help)
There is a stone staircase leading up here.
You fly upwards.
There is a stone staircase leading down here.
An ice devil comes into view.
You are too injured to fight recklessly!
You are too injured to fight recklessly!
You are too injured to fight recklessly!
You are too injured to fight recklessly!
You hit the ice devil but do no damage. Your grab misses the ice devil.
You block the ice devil's attack.
You carve the ice devil like a ham!!! You grab the ice devil.
The ice devil is almost dead.
You constrict the ice devil.
You kill the ice devil!
(D) Dungeon (T) Temple (L) Lair (S) Swamp (P) Snake Pit (O) Orcish Mines (E) Elven Halls (V) Vaults (C) Crypt (W) Tomb (U) Depths (H) Hell (Z) Zot
Where to? (Tab/Enter - D:1 @ (x,y), ? - help)
A demonic crawler comes into view.
Unknown command.
You completely miss the demonic crawler.
Your grab misses the demonic crawler.
You block the demonic crawler's attack. x4
The demonic crawler closely misses you. The demonic crawler hits you.
You chop the demonic crawler into pieces!!!
Your grab misses the demonic crawler.
The demonic crawler is almost dead.
You block the demonic crawler's attack. x3
You slice the demonic crawler!!
You kill the demonic crawler!
You see here a demonic crawler corpse.
(D) Dungeon (T) Temple (L) Lair (S) Swamp (P) Snake Pit (O) Orcish Mines (E) Elven Halls (V) Vaults (C) Crypt (W) Tomb (U) Depths (H) Hell (Z) Zot
Where to? (Tab/Enter - D:1 @ (x,y), ? - help)
You see here a hobgoblin skeleton.
A blizzard demon comes into view.
Unknown command.
Unknown command.
You slice the blizzard demon!! You grab the blizzard demon.
The blizzard demon is heavily wounded.
You constrict the blizzard demon.
The blizzard demon waves its arms in wide circles.
The air twists around and strikes you.
You slice the blizzard demon!!
The blizzard demon is almost dead.
You constrict the blizzard demon! The blizzard demon hits you!
You block the blizzard demon's attack.
You can now pass through a line of other dancers.
You cut the blizzard demon into ribbons!!!
You kill the blizzard demon!
(D) Dungeon (T) Temple (L) Lair (S) Swamp (P) Snake Pit (O) Orcish Mines (E) Elven Halls (V) Vaults (C) Crypt (W) Tomb (U) Depths (H) Hell (Z) Zot
Where to? (Tab/Enter - D:1 @ (x,y), ? - help) HP restored.
There is a staircase leading out of the dungeon here.
Unknown command.
You have escaped!

### #@## #..##
## ##...###≈#
#....#≈≈≈#
#####..~~~≈≈≈#
##≈≈≈≈~~~~≈≈###
#≈≈≈~~≈~~..##
#≈≈##.......#
## #........##


There were no monsters in sight!

Vanquished Creatures
  A dread lich (Vaults:5)
  3 ancient liches
  Frederick (Depths:4)
  3 orbs of fire
  A juggernaut (Zot:1)
  Boris (thrice) (Crypt:3 Depths:2 Vaults:5)
  7 Killer Klowns
  2 curse toes
  Saint Roka (Vaults:2)
  4 golden dragons
  Jory (Depths:4)
  A bone dragon (Depths:4)
  Norris (Depths:2)
  3 doom hounds (Depths:2)
  17 tentacled monstrosities
  7 Orb Guardians (Zot:5)
  A Hell Sentinel (D:15)
  Zenata (Crypt:1)
  A shard shrike skeleton (Crypt:3)
  Rupert (Snake:1)
  2 deep elf blademasters (Elf:3)
  6 quicksilver dragons
  8 titans
  Grunn (Depths:2)
  2 deep elf master archers (Elf:3)
  5 sphinxes
  7 liches
  2 Executioners
  2 walking divine tomes
  Gastronok (Orc:1)
  Frances (Swamp:2)
  4 walking frostbound tomes
  7 death cobs
  A thorn hunter (Swamp:4)
  5 ancient champions
  11 draconian monks
  9 shadow dragons
  2 strange machines (WizLab)
  8 storm dragons
  7 tengu reavers
  A fenstrider witch (Swamp:1)
  2 protean progenitors
  11 nagarajas
  A draconian knight (Zot:2)
  4 fire giants
  An azure jelly (Swamp:4)
  5 draconian shifters
  9 vault wardens
  2 iron dragons
  6 deep elf sorcerers (Elf:3)
  3 imperial myrmidons (Desolation)
  15 frost giants
  A draconian scorcher (Zot:4)
  4 ghouls
  A curse skull (Crypt:3)
  4 draconian stormcallers
  5 deep elf elementalists (Elf:3)
  3 ghost moths
  2 balrugs (Crypt:3)
  2 draconian annihilators
  2 orc warlords
  2 reapers
  A caustic shrike skeleton (Crypt:2)
  2 spriggan defenders (Depths:4)
  25 stone giants
  13 ironbound preservers
  2 quicksilver oozes (Vaults:3)
  15 very ugly things
  2 formless jellyfish
  An ironbound thunderhulk (Vaults:3)
  13 green draconians
  8 vampire knights
  6 grey draconians (Zot:1)
  8 red draconians
  8 deep elf annihilators
  16 deep elf death magi
  8 eleionomae
  8 yellow draconians
  4 bunyips
  3 war gargoyles (Crypt:3)
  6 black draconians
  A minotaur (Gauntlet)
  7 deep elf demonologists
  12 white draconians
  5 dire elephants
  9 purple draconians
  Snorg (Lair:3)
  Azrael (D:13)
  3 spark wasps
  2 blizzard demons
  An eidolon (Crypt:3)
  13 ettins
  A green death (Depths:2)
  2 crystal guardians (Desolation)
  A shambling mangrove (Swamp:4)
  Josephine (D:10)
  The ghost of anet the Geomancer, a journeyman GrCj of Hepliaklqana (Lair:3)
  2 entropy weavers
  7 deep elf high priests
  A spriggan zombie (Crypt:2)
  6 fire dragons
  6 jiangshi
  25 vault guards
  A merfolk impaler (Depths:2)
  Harold (D:10)
  3 great orbs of eyes
  4 ragged hierophants (Desolation)
  9 yaktaur captains
  14 hydras
  A caustic shrike simulacrum (IceCv)
  8 servants of whispers (Desolation)
  13 ice dragons
  8 rakshasas
  Fannar (Lair:2)
  A quicksilver dragon skeleton (Crypt:2)
  3 ogre magi
  10 peacekeepers
  A spriggan air mage (Depths:4)
  2 hell beasts
  4 ironbound frosthearts
  15 alligators
  A ghost crab (Swamp:2)
  A merfolk avatar (Lair:5)
  6 two-headed ogres
  31 dancing weapons
  A death knight (Crypt:2)
  Erica (D:10)
  14 anacondas
  5 boulder beetles
  A sphinx skeleton (Vaults:3)
  5 tengu warriors
  11 naga warriors
  A death scarab (Gauntlet)
  7 deep troll shamans
  A titan zombie (Vaults:3)
  A demonic crawler (D:1)
  12 occultists
  12 deep troll earth magi
  Urug (D:14)
  10 centaur warriors
  4 spriggan berserkers
  2 vampire magi (Crypt:2)
  5 shock serpents
  2 soul eaters
  2 orc high priests
  A sun demon (Depths:2)
  9 naga sharpshooters
  4 skysharks
  32 hell knights
  36 skeletal warriors
  13 deep elf knights
  A bunyip zombie (Crypt:2)
  A sixfirhy (Abyss:3)
  A spectral spark wasp (Depths:3)
  3 titan skeletons
  A goliath frog (Swamp:3)
  9 mana vipers
  2 shadow wraiths
  11 iron trolls
  4 sea snakes
  3 salamander mystics (Snake:2)
  A shadow demon (D:8)
  3 spriggan druids
  A spark wasp zombie (Depths:1)
  6 arcanists
  59 deep trolls
  9 bog bodies
  19 ironbound convokers
  10 deep elf archers
  5 flayed ghosts
  4 naga ritualists
  7 glowing orange brains
  13 necromancers
  12 spriggan simulacra
  An iron giant skeleton (Crypt:2)
  2 obsidian statues
  3 swamp dragons
  A harpy (Lair:5)
  3 tengu zombies
  2 fire giant zombies
  26 phantasmal warriors
  12 lindwurms
  An iron dragon zombie (Depths:1)
  26 deep elf pyromancers
  20 orc knights
  2 alligator zombies (Crypt:2)
  A human zombie (Vaults:3)
  33 ugly things
  A faun (shapeshifter) (Vaults:5)
  22 deep elf zephyrmancers
  A glowing shapeshifter (Vaults:5)
  A wolf spider (D:15)
  5 manticores
  2 tengu skeletons
  10 orc sorcerers
  Maurice (D:10)
  4 large abominations
  5 cyclopes
  23 moths of wrath
  19 salamanders
  4 elephants (Lair:5)
  2 elf zombies
  16 naga magi
  5 fire giant skeletons
  An eye of devastation (shapeshifter) (Vaults:5)
  A frost giant skeleton (Depths:1)
  An ice statue (D:8)
  13 guardian serpents
  17 vault sentinels
  5 will-o-the-wisps
  A centaur skeleton (Crypt:2)
  2 molten gargoyles (Desolation)
  6 cane toads
  44 black mambas
  2 torpor snails (shapeshifter)
  9 gargoyles
  A yaktaur zombie (Vaults:3)
  An eye of devastation (Snake:4)
  4 smoke demons
  An unseen horror (D:6)
  2 dire elephant skeletons (Crypt:3)
  2 efreet (D:15)
  2 kobold demonologists
  7 freezing wraiths
  A rime drake (Lair:4)
  3 tengu conjurers
  10 ice devils
  19 yaktaurs
  11 komodo dragons
  A yellow draconian skeleton (Crypt:2)
  An anaconda simulacrum (IceCv)
  3 guardian mummies (Crypt:3)
  A sea snake skeleton (Crypt:2)
  A yaktaur skeleton (Vaults:3)
  An unseen horror skeleton (Crypt:1)
  A troll (shapeshifter) (D:13)
  2 hellwings
  6 tyrant leeches
  2 alligator simulacra (IceCv)
  10 trolls
  A wind drake (Lair:5)
  2 polar bears (Lair:5)
  Prince Ribbit (D:5)
  Grinder (D:3)
  9 hornets
  A raiju (shapeshifter) (D:13)
  A snapping turtle (Lair:5)
  68 saltlings (Desolation)
  A fire giant simulacrum (Depths:2)
  A jumping spider zombie (Crypt:1)
  2 raiju (Abyss:3)
  10 dream sheep
  27 blink frogs
  5 glass eyes
  31 slime creatures
  A spectral black mamba (Gauntlet)
  8 spriggans
  2 vampires (D:11)
  4 air elementals
  4 shadows
  6 water elementals
  2 wyverns
  Sigmund (D:3)
  17 humans
  An ushabti (Crypt:3)
  61 yaks
  17 wraiths
  14 wargs
  2 fire elementals
  5 steam dragons
  A fire dragon skeleton (Crypt:1)
  4 minotaur simulacra (IceCv)
  4 redbacks
  21 vampire mosquitoes
  4 swamp worm simulacra (Swamp:4)
  A neqoxec (Gauntlet)
  4 basilisks
  2 harpy simulacra (IceCv)
  Menkaure (D:5)
  A human simulacrum (Vaults:4)
  A two-headed ogre zombie (Crypt:1)
  4 chaos spawn
  7 swamp worms
  28 nagas
  12 hydra simulacra (Swamp:4)
  4 acid dragons
  14 water moccasins
  4 glowing shapeshifter skeletons
  A faun skeleton (Crypt:1)
  4 hell hounds (D:13)
  A black bear (D:8)
  38 orc warriors
  A swamp drake (Swamp:2)
  12 laughing skulls
  An ettin simulacrum (IceCv)
  6 ogres
  A blink frog zombie (Crypt:2)
  3 ice beasts
  A manticore skeleton (Crypt:2)
  6 wolves
  2 phantoms
  6 centaurs
  6 kobold brigands
  Blork the orc (D:5)
  12 bullfrogs
  3 gnoll sergeants (D:10)
  3 necrophages
  3 scorpions
  8 deep troll simulacra (IceCv)
  4 human skeletons (Vaults:3)
  2 earth elementals
  A small abomination (Snake:2)
  3 wights (Crypt:3)
  A hornet simulacrum (D:12)
  A queen bee zombie (Crypt:2)
  20 killer bees
  7 howler monkeys
  5 bombardier beetles
  4 lava snakes (Snake:2)
  A jelly (D:6)
  22 orc priests
  4 hounds
  2 bullfrog skeletons (Crypt:1)
  3 iron imps (D:3)
  Jessica (D:3)
  2 gnoll boudas (D:7)
  2 iguanas
  A sleepcap (D:5)
  26 orc wizards
  3 naga skeletons
  9 mummies (Crypt:3)
  13 gnolls
  6 adders
  9 river rats (D:4)
  3 shadow imps
  3 white imps
  4 swamp drake simulacra (Swamp:4)
  2 ufetubi (D:6)
  5 dart slugs
  109 orcs
  12 ball pythons
  An endoplasm (D:1)
  3 giant cockroaches
  9 goblins
  4 hobgoblins
  3 quokkas
  A ball python skeleton (Crypt:2)
  4 bats
  7 frilled lizards
  A jackal zombie (D:4)
  27 kobolds
  3 kobold skeletons
  16 rats
  An aspiring flesh (Zot:1)
2371 creatures vanquished.

Vanquished Creatures (collateral kills)
  Maggie (D:10)
  An orc wizard (D:10)
  An orc (D:10)
3 creatures vanquished.

Vanquished Creatures (others)
  A quicksilver dragon (Zot:1)
  A fire giant (Depths:4)
  A blizzard demon (IceCv)
  A centaur warrior (Vaults:3)
  A deep elf archer (Elf:2)
  A deep elf zephyrmancer (Elf:2)
  2 dream sheep (Lair:5)
  A white imp (Abyss:3)
  20 foxfires
29 creatures vanquished.

Grand Total: 2403 creatures vanquished

Notes
Turn   | Place    | Note
-------+----------+-------------------------------------------
     0 | D:5      | EnegeticOcto the Naga Delver began the quest for the Orb.
     0 | D:5      | Reached XP level 1. HP: 21/21 MP: 1/1
     2 | D:5      | Noticed a sleepcap
    49 | D:5      | Noticed Menkaure
   121 | D:5      | Noticed Prince Ribbit
   138 | D:4      | Reached XP level 2. HP: 28/28 MP: 2/2
   156 | D:4      | Found Satoinen's Jewellery Boutique.
   161 | D:4      | Found Xorghena's Antique Weapon Boutique.
   161 | D:4      | Found Cainiapp's Jewellery Boutique.
   214 | D:3      | Noticed a bombardier beetle
   262 | D:3      | Noticed Jessica
   400 | D:3      | Noticed Sigmund
   500 | D:1      | Reached skill level 1 in Axes
   500 | D:1      | Reached XP level 3. HP: 34/34 MP: 3/3
   639 | D:1      | Found a faded altar of an unknown god.
  1387 | D:2      | Reached XP level 4. HP: 35/44 MP: 4/4
  1570 | D:2      | Reached skill level 2 in Axes
  2042 | D:3      | Reached skill level 4 in Fighting
  2316 | D:3      | Reached XP level 5. HP: 51/51 MP: 5/5
  2398 | D:3      | Noticed Grinder
  2455 | D:3      | Killed Jessica
  2456 | D:3      | Reached skill level 3 in Axes
  2898 | D:4      | Found a staircase to the Ecumenical Temple.
  2907 | Temple   | Entered the Ecumenical Temple
  2913 | Temple   | Became a worshipper of Uskayaw the Reveller
  2947 | D:4      | Reached * piety under Uskayaw
  2956 | D:4      | Reached skill level 5 in Fighting
  2956 | D:4      | Reached XP level 6. HP: 50/61 MP: 6/6
  3177 | D:4      | Reached ** piety under Uskayaw
  3181 | D:4      | Found a runed translucent door.
  3181 | D:4      | Noticed a human
  3255 | D:4      | Found a basalt altar of Yredelemnul.
  3300 | D:4      | Reached skill level 4 in Axes
  3582 | D:5      | Identified the +7 war axe of Guile {freeze, ^Contam Int+8}
  3633 | D:5      | Killed Prince Ribbit
  3634 | D:5      | Reached skill level 5 in Axes
  3634 | D:5      | Reached XP level 7. HP: 48/67 MP: 7/7
  3793 | D:5      | Reached *** piety under Uskayaw
  3794 | D:5      | Killed Menkaure
  3795 | D:5      | Reached skill level 6 in Axes
  4013 | D:5      | Noticed Blork the orc
  4019 | D:5      | Reached skill level 7 in Axes
  4024 | D:5      | Killed Blork the orc
  4091 | D:5      | Reached XP level 8. HP: 74/74 MP: 8/8
  4370 | D:6      | Found a large runed translucent door.
  4371 | D:6      | Found a large runed translucent door.
  4408 | D:6      | Reached **** piety under Uskayaw
  4409 | D:6      | Reached skill level 8 in Axes
  4445 | D:6      | Found a large runed translucent door.
  4445 | D:6      | Found a large runed translucent door.
  5016 | D:6      | Gained mutation: You occasionally lose the ability to read
                  | scrolls when taking damage. [potion of mutation]
  5016 | D:6      | Gained mutation: You expend magic power (3 MP) to
                  | strengthen your wands. [potion of mutation]
  5016 | D:6      | Gained mutation: You have very sharp teeth. [potion of
                  | mutation]
  5016 | D:6      | Gained mutation: You are partially covered in iridescent
                  | scales. (AC +2) [potion of mutation]
  5030 | D:6      | Reached skill level 9 in Axes
  5221 | D:6      | Noticed a yak
  5226 | D:6      | Killed a yak
  5227 | D:6      | Reached skill level 10 in Axes
  5231 | D:6      | Reached XP level 9. HP: 70/81 MP: 9/9
  5269 | D:6      | Got the Cyclopedia of the Wendigo and the Fair Folk
  5342 | D:6      | Noticed an unseen horror
  5353 | D:6      | Killed an unseen horror
  5354 | D:6      | Reached skill level 11 in Axes
  5408 | D:6      | Identified the ring "Utaunoin" {rC+ rN++ Int+3}
  5494 | D:7      | Noticed a hornet
  5500 | D:7      | Killed a hornet
  5501 | D:7      | Reached skill level 1 in Invocations
  5544 | D:7      | Reached skill level 2 in Invocations
  5885 | D:7      | Reached skill level 3 in Invocations
  5896 | D:7      | Learned a level 3 spell: Passwall
  5916 | D:7      | Reached skill level 6 in Fighting
  5986 | D:7      | Noticed a two-headed ogre
  6007 | D:7      | Killed a two-headed ogre
  6008 | D:7      | Reached skill level 12 in Axes
  6008 | D:7      | Reached skill level 4 in Invocations
  6008 | D:7      | Reached XP level 10. HP: 92/92 MP: 11/13
  6437 | D:7      | Reached skill level 7 in Fighting
  6509 | D:8      | Found a glowing silver altar of Zin.
  6678 | D:8      | Noticed an obsidian statue
  6964 | D:8      | Found a broken altar of Ashenzari.
  7143 | D:8      | Reached skill level 8 in Fighting
  7143 | D:8      | Reached skill level 13 in Axes
  7149 | D:8      | Reached ***** piety under Uskayaw
  7499 | D:8      | Noticed an ice statue
  7685 | D:9      | Noticed a two-headed ogre
  7777 | D:4      | Bought a +5 ring of evasion for 396 gold pieces
  7988 | D:9      | Identified the staff "Caowes" {rF+ Will++ Int-5 Dex+2 Fire}
  8174 | D:9      | Reached XP level 11. HP: 104/104 MP: 14/14
  8181 | D:9      | Reached skill level 9 in Fighting
  8894 | D:10     | Entered Level 10 of the Dungeon
  8894 | D:10     | Noticed a cyclops
  8898 | D:10     | Killed a cyclops
  9081 | D:10     | Noticed Erica
  9092 | D:10     | Killed Erica
  9093 | D:10     | Reached skill level 14 in Axes
  9153 | D:10     | Noticed Harold
  9164 | D:10     | Noticed a two-headed ogre
  9189 | D:10     | Noticed Maurice
  9312 | D:10     | Found a shimmering blue altar of Sif Muna.
  9351 | D:10     | Reached skill level 10 in Fighting
  9505 | D:10     | Killed Harold
  9506 | D:10     | Reached skill level 15 in Axes
  9590 | D:10     | Noticed Maggie
  9595 | D:10     | Killed Maggie
  9719 | D:10     | Found an ancient bone altar of Kikubaaqudgha.
  9733 | D:10     | Maurice stole a staff of earth
  9735 | D:10     | Maurice stole 55 gold
  9743 | D:10     | Maurice stole 71 gold
  9744 | D:10     | Killed Maurice
  9916 | D:10     | Noticed Josephine
  9933 | D:10     | Killed Josephine
  9934 | D:10     | Reached XP level 12. HP: 105/116 MP: 15/15
 10042 | D:10     | Found a staircase to the Orcish Mines.
 10064 | D:10     | Reached skill level 1 in Shields
 10071 | D:10     | Reached ****** piety under Uskayaw
 10630 | D:11     | Reached skill level 2 in Shields
 10647 | D:11     | Found a runed translucent door.
 10736 | D:11     | Reached skill level 16 in Axes
 10739 | D:11     | Reached skill level 1 in Armour
 10962 | D:11     | Found a runed translucent door.
 10984 | D:11     | Found a staircase to the Lair.
 10985 | D:11     | Noticed a two-headed ogre
 11242 | D:11     | Killed a two-headed ogre
 11243 | D:11     | Reached skill level 2 in Armour
 11243 | D:11     | Reached skill level 3 in Shields
 11243 | D:11     | Reached skill level 5 in Invocations
 11949 | Lair:1   | Entered Level 1 of the Lair of Beasts
 11995 | Lair:1   | Identified the +1 chain mail of Least Resistance {rPois rN+
                  | Regen+ Stlth+}
 12321 | Lair:1   | Reached skill level 3 in Armour
 12409 | Lair:1   | Reached skill level 4 in Shields
 12409 | Lair:1   | Reached skill level 6 in Invocations
 13183 | Lair:2   | Reached skill level 4 in Armour
 13197 | Lair:2   | Found a staircase to the Snake Pit.
 13223 | Lair:2   | Reached skill level 5 in Shields
 13328 | Lair:2   | Reached skill level 7 in Invocations
 13330 | Lair:2   | Gained mutation: You can use your snake-like lower body to
                  | constrict enemies. [Naga growth]
 13330 | Lair:2   | Reached XP level 13. HP: 123/123 MP: 18/18
 13413 | Lair:2   | Noticed Fannar
 13419 | Lair:2   | Killed Fannar
 13435 | Lair:2   | Found a staircase to the Swamp.
 13531 | Lair:2   | Reached skill level 5 in Armour
 13582 | Lair:2   | Reached skill level 6 in Shields
 13582 | Lair:2   | Reached skill level 8 in Invocations
 13929 | Lair:3   | Noticed Snorg
 13941 | Lair:3   | Killed Snorg
 14062 | Lair:3   | Reached skill level 7 in Shields
 14127 | Lair:3   | Reached skill level 8 in Shields
 14268 | Lair:3   | Found a runed translucent gate.
 14268 | Lair:3   | Found a runed translucent gate.
 14268 | Lair:3   | Found a runed translucent gate.
 14278 | Lair:3   | Noticed anet's ghost (journeyman GrCj)
 15022 | Lair:4   | Identified the ring of the King {rF+ MP+9 Str+3}
 15259 | Lair:4   | Found a viscous altar of Jiyva.
 15441 | Lair:5   | Entered Level 5 of the Lair of Beasts
 15556 | Lair:5   | Reached skill level 9 in Shields
 15584 | Lair:5   | Reached XP level 14. HP: 118/132 MP: 8/20
 15955 | Lair:5   | Reached skill level 17 in Axes
 15960 | Lair:5   | Reached skill level 10 in Shields
 16344 | D:4      | Bought an amulet of faith for 440 gold pieces
 16988 | Lair:5   | Found the +7 captain's cutlass {speed, disarm}
 16994 | Lair:5   | Identified the ring "Lytwiul" {rF- rN+ Int+6 Slay+2}
 17024 | Lair:5   | Found a shadowy altar of Dithmenos.
 17285 | Lair:5   | Lost mutation: You expend magic power (3 MP) to strengthen
                  | your wands. [mutagenic glow]
 17335 | Lair:5   | Lost mutation: You are partially covered in iridescent
                  | scales. (AC +2) [potion of mutation]
 17335 | Lair:5   | Lost mutation: You occasionally lose the ability to read
                  | scrolls when taking damage. [potion of mutation]
 17335 | Lair:5   | Lost mutation: You have very sharp teeth. [potion of
                  | mutation]
 17335 | Lair:5   | Gained mutation: You are partially covered in iridescent
                  | scales. (AC +2) [potion of mutation]
 17335 | Lair:5   | Gained mutation: You passively dampen the noise of your
                  | surroundings. [potion of mutation]
 17335 | Lair:5   | Gained mutation: You are mostly covered in iridescent
                  | scales. (AC +4) [potion of mutation]
 17470 | Lair:3   | Killed anet's ghost
 17691 | Lair:3   | Identified the +11 broad axe of World Downfall {heavy, Fly
                  | Str+3 Int+3}
 17703 | Lair:3   | Identified the +1 leather armour of Mumblety Peg {rPois rF+
                  | Slay-5}
 18227 | D:11     | Reached skill level 11 in Shields
 18334 | D:12     | Found a portal to a secret trove of treasure.
 18386 | D:12     | Identified a scroll of acquirement
 18393 | D:12     | Found a gate leading to a gauntlet.
 18422 | Gauntlet | Entered a Gauntlet
 18422 | Gauntlet | Found a transporter.
 18435 | Gauntlet | Found a transporter.
 18446 | Gauntlet | Found a transporter.
 18451 | Gauntlet | Found a transporter.
 18460 | Gauntlet | Noticed a reaper
 18466 | Gauntlet | Found a transporter.
 18485 | Gauntlet | Found a transporter.
 18497 | Gauntlet | Found a transporter.
 18509 | Gauntlet | Found a transporter.
 18515 | Gauntlet | Found a transporter.
 18515 | Gauntlet | Found a transporter.
 18530 | Gauntlet | Found a transporter.
 18533 | Gauntlet | Noticed a reaper
 18536 | Gauntlet | Found a transporter.
 18551 | Gauntlet | Found a transporter.
 18570 | Gauntlet | Found a transporter.
 18587 | Gauntlet | Found a transporter.
 18612 | Gauntlet | Found a transporter.
 18614 | Gauntlet | Found a transporter.
 18634 | Gauntlet | Found a transporter.
 18935 | Gauntlet | Killed a reaper
 18942 | Gauntlet | Identified the +1 helmet "Yraog" {SInv}
 18990 | Gauntlet | Found the crystal ball of Wucad Mu {*channel}
 18990 | Gauntlet | Identified the ring of Brilliance {Will+ MP+9 EV+5 Dex+2}
 19179 | D:12     | Found a runed translucent gate.
 19179 | D:12     | Found a runed translucent gate.
 19179 | D:12     | Found a runed translucent gate.
 19181 | D:12     | Noticed an azure jelly
 19182 | D:12     | Noticed an azure jelly
 19182 | D:12     | Noticed Mrcake's ghost (journeyman MiBe)
 19183 | D:12     | Noticed an acid blob
 19183 | D:12     | Noticed an azure jelly
 19185 | D:12     | Found a viscous altar of Jiyva.
 19579 | D:12     | Reached skill level 18 in Axes
 19992 | Orc:1    | Entered Level 1 of the Orcish Mines
 20083 | Orc:2    | Entered Level 2 of the Orcish Mines
 20168 | Orc:2    | Reached skill level 12 in Shields
 20179 | Orc:1    | Found a radiant altar of Vehumet.
 20229 | Orc:1    | Reached skill level 2 in Dodging
 20239 | Orc:1    | Reached XP level 15. HP: 138/138 MP: 21/21
 20325 | Orc:1    | You are sucked into a shaft and drop 1 floor!
 20326 | Orc:2    | Found a staircase to the Elven Halls.
 20515 | Orc:1    | Noticed Gastronok
 20531 | Orc:1    | Killed Gastronok
 20700 | Orc:2    | Found Neucs's Self-Improvement Boutique.
 20831 | Orc:2    | Found Mih Rah's Magic Scroll Shop.
 20956 | Orc:2    | Found Lusinite's Jewellery Shop.
 20963 | Orc:2    | Reached skill level 3 in Dodging
 21165 | Orc:2    | Paralysed by an orc sorcerer for 4 turns
 21244 | Orc:2    | Found Hufon's Assorted Antiques.
 21256 | Orc:2    | Bought a scroll of teleportation for 66 gold pieces
 21284 | Orc:2    | Bought a scroll of blinking for 105 gold pieces
 21284 | Orc:2    | Bought a scroll of fog for 56 gold pieces
 21284 | Orc:2    | Bought a scroll of fog for 56 gold pieces
 21284 | Orc:2    | Acquired 402 gold pieces
 21318 | Orc:2    | Bought a manual of Shields for 1120 gold pieces
 21634 | D:3      | Found a burning altar of Makhleb.
 21708 | D:3      | Killed Sigmund
 21743 | D:3      | Killed Grinder
 22358 | D:13     | Reached skill level 9 in Invocations
 22446 | D:13     | Reached skill level 6 in Armour
 22742 | D:13     | Reached skill level 4 in Dodging
 23153 | D:13     | Noticed Azrael
 23159 | D:13     | Killed Azrael
 23161 | D:13     | Reached skill level 13 in Shields
 23182 | D:13     | Reached skill level 11 in Fighting
 23644 | D:13     | Reached XP level 16. HP: 150/150 MP: 23/23
 23793 | D:14     | Noticed Urug
 23793 | D:14     | Found a gate to the Vaults.
 23798 | D:14     | Reached skill level 10 in Invocations
 23800 | D:14     | Killed Urug
 23801 | D:14     | Reached skill level 7 in Armour
 24055 | D:14     | Found a shimmering blue altar of Sif Muna.
 24365 | D:15     | Entered Level 15 of the Dungeon
 24388 | D:15     | Reached skill level 14 in Shields
 24964 | D:15     | Found a staircase to the Depths.
 25430 | Snake:1  | Entered Level 1 of the Snake Pit
 25432 | Snake:1  | Reached skill level 12 in Fighting
 25477 | Snake:1  | Reached skill level 11 in Invocations
 25593 | Snake:1  | Reached skill level 8 in Armour
 25710 | Snake:1  | Noticed Rupert
 25716 | Snake:1  | Killed Rupert
 25943 | Snake:1  | Noticed Roxanne
 26006 | Snake:1  | Reached skill level 15 in Shields
 26211 | Snake:2  | Reached XP level 17. HP: 149/162 MP: 25/25
 26434 | Abyss:3  | Cast into level 3 of the Abyss (salamander)
 26488 | Abyss:3  | Found a corrupted altar of Lugonu.
 26532 | Abyss:3  | Found a corrupted altar of Lugonu.
 26615 | Snake:2  | Escaped the Abyss
 26618 | Snake:2  | Reached skill level 12 in Invocations
 26881 | Snake:2  | Reached skill level 13 in Fighting
 27265 | Snake:3  | Reached skill level 9 in Armour
 27314 | Snake:3  | Found a glacial archway.
 27328 | Snake:3  | Reached skill level 16 in Shields
 27387 | IceCv    | Entered an ice cave
 28767 | IceCv    | Identified the +0 morningstar of Modesty {antimagic, rF++
                  | rCorr Int+2}
 29169 | Snake:3  | Reached skill level 13 in Invocations
 29797 | Snake:4  | Entered Level 4 of the Snake Pit
 29838 | Snake:4  | Reached XP level 18. HP: 173/174 MP: 27/27
 29871 | Snake:4  | Found Efafi's General Store.
 29899 | Snake:4  | Reached skill level 14 in Fighting
 29899 | Snake:4  | Reached skill level 10 in Armour
 30138 | Snake:4  | Reached skill level 17 in Shields
 30365 | Snake:4  | Found a runed translucent gate.
 30366 | Snake:4  | Found a runed translucent gate.
 30366 | Snake:4  | Found a runed translucent gate.
 31806 | Snake:4  | Reached skill level 18 in Shields
 31943 | Snake:4  | Got a serpentine rune of Zot
 32502 | Snake:4  | Found Efafi's General Store.
 32814 | Swamp:1  | Entered Level 1 of the Swamp
 33153 | Swamp:1  | Found a runed translucent door.
 33275 | Swamp:1  | Noticed mohammadb5305's ghost (journeyman FeAE)
 33277 | Swamp:1  | Identified the +2 spear of Doom {speed, rPois Int-5 SInv}
 33534 | Swamp:2  | Reached skill level 1 in Evocations
 33757 | Swamp:2  | Noticed Frances
 33764 | Swamp:2  | Killed Frances
 34213 | Swamp:3  | Reached skill level 2 in Evocations
 34251 | Swamp:3  | Reached XP level 19. HP: 182/182 MP: 28/28
 34333 | Swamp:3  | Identified the +3 trident of Asmatua {heavy, Stlth+}
 34381 | Swamp:3  | Noticed a tentacled monstrosity
 34389 | Swamp:3  | Killed a tentacled monstrosity
 34624 | Swamp:4  | Entered Level 4 of the Swamp
 34639 | Swamp:4  | Reached skill level 19 in Shields
 34668 | Swamp:4  | Reached skill level 3 in Evocations
 34683 | Swamp:4  | Reached skill level 5 in Dodging
 36585 | Swamp:4  | Got a decaying rune of Zot
 36924 | Vaults:1 | Entered Level 1 of the Vaults
 36983 | Vaults:1 | Reached skill level 4 in Evocations
 37006 | Vaults:1 | Identified the ring "Wiut" {rElec rF- Str+3 Dex+5 SInv}
 37435 | Vaults:1 | Found Sesighala's Armour Emporium.
 37464 | Vaults:1 | Bought the +1 helmet of Daisies {rPois rC+} for 470 gold
                  | pieces
 37583 | Vaults:1 | Identified the +1 robe of Death Resistance {rC++ Str+4
                  | Int+3 Dex-2}
 37856 | Vaults:2 | Reached skill level 14 in Invocations
 37866 | Vaults:2 | Reached skill level 6 in Dodging
 37976 | Vaults:2 | Found a magical portal.
 37981 | WizLab   | Entered Tukima's Studio
 38257 | WizLab   | Reached skill level 5 in Evocations
 38783 | WizLab   | Reached skill level 11 in Armour
 38794 | WizLab   | Reached XP level 20. HP: 193/193 MP: 30/30
 38804 | WizLab   | Noticed EnegeticOcto's illusion
 39000 | Vaults:2 | Reached skill level 15 in Fighting
 39261 | Vaults:2 | Noticed Saint Roka
 39276 | Vaults:2 | Killed Saint Roka
 39811 | Vaults:3 | Reached skill level 6 in Evocations
 39981 | Vaults:3 | Reached skill level 7 in Dodging
 40168 | Vaults:3 | Found a staircase to the Crypt.
 40469 | Vaults:3 | You are sucked into a shaft and drop 1 floor!
 40618 | Vaults:4 | Reached skill level 7 in Evocations
 41083 | Vaults:4 | Reached skill level 15 in Invocations
 41522 | Vaults:4 | Reached XP level 21. HP: 189/204 MP: 32/32
 41712 | Vaults:3 | Found a runed translucent door.
 42335 | Crypt:1  | Entered Level 1 of the Crypt
 42335 | Crypt:1  | Noticed Zenata
 42338 | Crypt:1  | Killed Zenata
 42670 | Crypt:1  | Reached skill level 12 in Armour
 43017 | Crypt:1  | Reached skill level 8 in Dodging
 43169 | Crypt:2  | Reached skill level 20 in Shields
 43170 | Crypt:2  | Reached skill level 16 in Fighting
 43178 | Crypt:2  | Reached skill level 8 in Evocations
 43899 | Crypt:3  | Entered Level 3 of the Crypt
 44232 | Crypt:3  | Identified the ring of Birdsong {*Slow rF+ Int+2 Dex+6
                  | SInv}
 44233 | Crypt:3  | Identified the ring of Gozag's Envy {Fly Will+++ Int+4
                  | Stlth-}
 44499 | Crypt:3  | Reached skill level 16 in Invocations
 44499 | Crypt:3  | Reached skill level 9 in Evocations
 44606 | Crypt:3  | Found a staircase to the Tomb.
 44630 | Crypt:3  | Identified the ring "Erulin" {rC+ rN+ Str+2}
 44630 | Crypt:3  | Identified the ring "Ciacvi" {rC+ rN+ Int+3}
 44823 | Crypt:3  | Reached XP level 22. HP: 194/214 MP: 34/34
 44879 | Crypt:3  | Reached skill level 9 in Dodging
 45041 | Crypt:3  | Noticed Boris
 45047 | Crypt:3  | Killed Boris
 45151 | Crypt:3  | Found an ancient bone altar of Kikubaaqudgha.
 45163 | Crypt:3  | Noticed an ancient lich
 45171 | Crypt:3  | Killed an ancient lich
 45195 | Crypt:3  | Noticed an ancient lich
 45202 | Crypt:3  | Killed an ancient lich
 45226 | Crypt:3  | Got Keheger's Omnibus of Transposition and Cold
 45756 | D:12     | You paid a toll of 6 scrolls of fog to enter a treasure
                  | trove
 45757 | Trove    | Entered a treasure trove
 45769 | Trove    | Identified the +12 tower shield "Zeriruf" {Stlth+}
 45783 | Trove    | Identified the amulet "Zoucowam" {RegenMP rElec Will++
                  | Int+3}
 45785 | Trove    | Identified the amulet "Buivym" {Faith rElec rN+}
 45798 | Trove    | Identified the amulet "Cosmosh" {Faith Will+ rCorr Str-4}
 45801 | Trove    | Identified the +0 kite shield "Ynkapeaq" {Str+3}
 45807 | Trove    | Identified the ring "Efom" {Fly rElec rN+}
 45812 | Trove    | Identified the ring of the Okapi {rN++ Str+2 SInv}
 45830 | Trove    | Identified the ring of the Firefly {*Slow +Blink rF+ EV+5}
 45837 | Trove    | Identified the +2 hat of the Evening {Harm Str+5}
 45838 | Trove    | Identified the +0 hat of the Blacksmith {rC+ Int+4}
 46043 | Elf:1    | Entered Level 1 of the Elven Halls
 46209 | Elf:1    | Found a runed translucent door.
 46321 | Elf:1    | Identified the +1 chain mail "Vylin" {Rampage Int+2 SInv}
 46402 | Elf:1    | Found a crumbling gateway.
 46415 | Desolati | Entered the Desolation of Salt
 46534 | Desolati | Identified the ring of Vimao {rElec Will+ Str+2 SInv}
 46581 | Desolati | Got the Omnibus of Dislocated Production
 46592 | Desolati | Identified the +1 leather armour of Feral Brilliance
                  | {Str+6}
 46624 | Desolati | Identified the ring of Virtue {+Blink rPois Int+6}
 46655 | Desolati | Got the Lectures on Striking and the Wayfarer
 46729 | Desolati | Reached skill level 13 in Armour
 46731 | Desolati | Reached skill level 10 in Evocations
 46756 | Desolati | Identified the +7 spear of Massacring {antimagic, rPois
                  | rCorr}
 46839 | Desolati | Reached skill level 17 in Fighting
 46886 | Desolati | Identified the ring of Orih {rN+ Will+ rCorr MP+9}
 47017 | Desolati | Identified the +1 cloak of Twilight {Regen+ Str+3 SInv}
 47086 | Desolati | Identified the ring "Fatz" {rC+ rCorr SInv}
 47104 | Desolati | Got the Directory of Production and Rot
 47108 | Desolati | Identified the +2 flail of Zyugare {flame, rC+ SInv Stlth-}
 47436 | Elf:1    | Found Uxiynaw's Assorted Antiques.
 47444 | Elf:1    | Bought a potion of heal wounds for 215 gold pieces
 47881 | Elf:1    | Reached skill level 10 in Dodging
 48012 | Elf:2    | Reached skill level 17 in Invocations
 48039 | Elf:2    | Reached XP level 23. HP: 212/225 MP: 35/35
 48194 | Elf:2    | Found a runed translucent gate.
 48195 | Elf:2    | Found a runed translucent gate.
 48195 | Elf:2    | Found a runed translucent gate.
 48538 | Elf:3    | Entered Level 3 of the Elven Halls
 48647 | Elf:3    | Identified the +4 halberd "Kulyon" {pain, rN+}
 48647 | Elf:3    | Identified the ring "Emucw" {rElec rC+ rN++ Str-4}
 49312 | Elf:3    | Got the Quarto of Hail and the Alembic
 49335 | Elf:3    | Paralysed by an air elemental for 1 turns
 49347 | Elf:3    | Got the Compendium of Pneumatic Corpses
 49378 | Elf:3    | Identified the +0 robe of the Pits of Slime {rPois Will++}
 49400 | Elf:3    | Identified the ring "Hickerch" {Fly Str+4}
 49404 | Elf:3    | Gained mutation: You are dopey. (Int -2) [a cacodemon]
 49461 | Elf:3    | Reached skill level 14 in Armour
 49932 | Depths:1 | Entered Level 1 of the Depths
 49939 | Depths:1 | Reached skill level 18 in Fighting
 50232 | Depths:1 | Found a one-way gate to the infinite horrors of the Abyss.
 50250 | Depths:1 | Reached skill level 18 in Invocations
 50342 | Depths:1 | Found a gateway to Hell.
 50517 | Depths:1 | Reached skill level 21 in Shields
 50547 | Depths:1 | Found a one-way gateway to a ziggurat.
 50786 | Depths:2 | Reached XP level 24. HP: 238/238 MP: 36/36
 50883 | Depths:2 | Found a one-way gate leading to the halls of Pandemonium.
 51053 | Depths:2 | Noticed Grunn
 51065 | Depths:2 | Killed Grunn
 51192 | Depths:2 | Reached skill level 19 in Fighting
 51196 | Depths:2 | Reached skill level 15 in Armour
 51474 | Depths:2 | Noticed Norris
 51484 | Depths:2 | Killed Norris
 51617 | Depths:2 | Noticed Boris
 51625 | Depths:2 | Killed Boris
 51678 | Depths:2 | Found a hazy altar of Hepliaklqana.
 51964 | Depths:3 | Reached skill level 22 in Shields
 52238 | Depths:3 | Identified the ring "Palut" {rF+ rC+ Int+4}
 52262 | Depths:3 | Identified the amulet "Biucs" {rF+ Regen+}
 52276 | Depths:3 | Identified the ring "Pibahue" {Fly rN+ Will+ rCorr Str-4}
 52285 | Depths:3 | Identified the amulet "Rirenk" {Acrobat rF- Int+5 Dex+2}
 52593 | Depths:3 | Reached skill level 20 in Fighting
 52782 | Depths:4 | Entered Level 4 of the Depths
 52802 | Depths:4 | Reached XP level 25. HP: 252/252 MP: 36/36
 52941 | Depths:4 | Found a gate to the Realm of Zot.
 53076 | Depths:4 | Identified the orb "Poxoji" {light, Fly Earth}
 53076 | Depths:4 | Noticed Frederick
 53085 | Depths:4 | Killed Frederick
 53089 | Depths:4 | Reached skill level 23 in Shields
 53360 | Depths:4 | Noticed Jory
 53365 | Depths:4 | Killed Jory
 53923 | Depths:4 | Found an ancient bone altar of Kikubaaqudgha.
 54367 | Vaults:5 | Entered Level 5 of the Vaults
 54414 | Vaults:5 | Noticed an ancient lich
 54425 | Vaults:5 | Killed an ancient lich
 54560 | Vaults:5 | Identified the +4 morningstar of Rullyes {freeze, Dex+3}
 54577 | Vaults:5 | Reached skill level 24 in Shields
 54583 | Vaults:5 | Found Zege's Armour Shoppe.
 54670 | Vaults:5 | Identified the +1 robe "Ymopoc" {rN++}
 54853 | Vaults:5 | Found Cifrut Azelo's Distillery.
 54870 | Vaults:5 | Bought 2 potions of experience for 1800 gold pieces
 54870 | Vaults:5 | Bought a potion of enlightenment for 90 gold pieces
 54870 | Vaults:5 | Bought a potion of resistance for 180 gold pieces
 54870 | Vaults:5 | Bought a potion of curing for 54 gold pieces
 54870 | Vaults:5 | Reached XP level 26. HP: 261/261 MP: 36/36
 54871 | Vaults:5 | Reached skill level 25 in Shields
 54871 | Vaults:5 | Reached XP level 27. HP: 268/268 MP: 36/36
 54934 | Vaults:5 | Found Ceomanisy's Armour Boutique.
 55063 | Vaults:5 | Noticed Boris
 55069 | Vaults:5 | Killed Boris
 55214 | Vaults:5 | Reached skill level 26 in Shields
 55233 | Vaults:5 | Noticed a dread lich
 55241 | Vaults:5 | Killed a dread lich
 55249 | Vaults:5 | Found Poopn's Distillery.
 55301 | Vaults:5 | Bought a potion of invisibility for 152 gold pieces
 55301 | Vaults:5 | Bought a potion of enlightenment for 95 gold pieces
 55301 | Vaults:5 | Bought a potion of curing for 57 gold pieces
 55301 | Vaults:5 | Bought a potion of invisibility for 152 gold pieces
 55301 | Vaults:5 | Bought a potion of might for 76 gold pieces
 55301 | Vaults:5 | Bought a potion of curing for 57 gold pieces
 55451 | Vaults:5 | Found Ygoseositi's Antique Armour Shoppe.
 55476 | Vaults:5 | Got a silver rune of Zot
 56210 | Zot:1    | Entered Level 1 of the Realm of Zot
 56210 | Zot:1    | Noticed a juggernaut
 56215 | Zot:1    | Killed a juggernaut
 56416 | Zot:1    | Reached skill level 27 in Shields
 56478 | Zot:1    | Noticed an orb of fire
 56483 | Zot:1    | Killed an orb of fire
 57107 | Zot:2    | Gained mutation: You are frail. (-10% HP) [mutagenic glow]
 57113 | Zot:2    | Gained mutation: You are very dopey. (Int -4) [mutagenic
                  | glow]
 57314 | Zot:2    | Identified the +8 glaive "Plog" {protect, rC+}
 57548 | Zot:2    | Noticed an orb of fire
 57550 | Zot:2    | Gained mutation: You are weak. (Str -2) [an orb of fire]
 57557 | Zot:2    | Gained mutation: You sometimes lose your temper in combat.
                  | [an orb of fire]
 57563 | Zot:2    | Killed an orb of fire
 57564 | Zot:2    | Lost mutation: You are frail. (-10% HP) [potion of
                  | mutation]
 57564 | Zot:2    | Lost mutation: You sometimes lose your temper in combat.
                  | [potion of mutation]
 57564 | Zot:2    | Gained mutation: You are somewhat resistant to further
                  | mutation. [potion of mutation]
 57564 | Zot:2    | Lost mutation: You are weak. (Str -2) [potion of mutation]
 57638 | Zot:2    | Reached skill level 19 in Axes
 58041 | Zot:4    | Reached skill level 21 in Fighting
 58042 | Zot:4    | Reached skill level 16 in Armour
 58245 | Zot:4    | Identified the ring of Sovereignty {*Corrode rElec Int+5
                  | Dex+6 SInv}
 58250 | Zot:4    | Noticed an orb of fire
 58258 | Zot:4    | Killed an orb of fire
 58885 | Zot:5    | Entered Level 5 of the Realm of Zot
 59457 | Zot:5    | Got the Orb of Zot
 60064 | D:$      | Escaped with the Orb!

Illustrated notes

Levels and vault maps discovered:
D:1:      eino_arrival_cavern_b, layout_rooms,
          chequers_ecumenical_altar_simple_redux
D:2:      layout_basic
D:3:      layout_basic, demons_altar, st_stairs_13, grunt_ministairs_13,
          uniq_sigmund, uniq_grinder, uniq_jessica
D:4:      layout_cave_pools, dk_yredelemnul_ordeal, minmay_temple_entry_trees,
          nicolae_shop_distant_corner_stores, dk_rats_in_the_wall
D:5:      layout_basic, uniq_prince_ribbit1, uniq_menkaure, uniq_blork_the_orc
D:6:      layout_loops_cross, minmay_hollow_rounded_squares
D:7:      layout_gridville, the_hattery
D:8:      minmay_separated_statues, layout_loops_ring,
          mainiacjoe_overflow_chevrons, ashenzari_altar_1, columned_hall_lemuel
D:9:      layout_long_grid
D:10:     layout_roguey, mainiacjoe_overflow_alcove_2, lemuel_round_altar,
          kennysheep_orc_monster_closet_entryway, uniq_josephine, uniq_maurice,
          uniq_maggie, uniq_harold, uniq_erica
D:11:     cheibrodos_histonic, layout_stronghold, erik_lair_orcish_takeover
D:12:     layout_loops_corners, gauntlet_entry_generic,
          nicolae_trove_entry_diagonal, gammafunk_ghost_ooze, nrook_mini_vaults
D:13:     minmay_tri_stars, layout_loops_ring, special_room [special_room_orc],
          kennysheep_small_square, uniq_azrael
D:14:     layout_rooms, david_vaults_3, nicolae_sif_muna_condensation
D:15:     hangedman_depths_entry_try_elsewhere_first, layout_layer_cave,
          serial_park_gazebo [serial_park_minivault_5x5_4]
Temple:   eino_temple_rhombus
Lair:1:   layout_concentric_octagons
Lair:2:   layout_concentric_octagons, skrybe_swamp_entry_bodies,
          dummy_snake_entry, lemuel_fruit_tree, uniq_fannar
Lair:3:   layout_roguey, gammafunk_ghost_hydra_chop, uniq_urug, uniq_snorg
Lair:4:   layout_big_grid, minmay_slime_entry_oklob_enclosed
Lair:5:   gammafunk_lair_ancient_temple, layout_long_grid, basic_altar
Swamp:1:  layout_basic_swamp, ebering_ghost_funeral_grove,
          hangedman_swamp_blocks
Swamp:2:  layout_basic_swamp, nicolae_swamp_trees_clearing,
          nicolae_swamp_baby_hydras, nicolae_swamp_decorative_isthmus,
          uniq_frances
Swamp:3:  layout_basic_swamp, evilmike_swamp_ruin_wall
Swamp:4:  swamp_icy, layout_basic_swamp
Snake:1:  layout_rooms, serial_curves, eino_curves_01, eino_curves_01,
          uniq_rupert, uniq_roxanne
Snake:2:  layout_basic, special_room, st_stairs_2
Snake:3:  layout_basic, portal_ice_cave_entry_ugly_swarm
Snake:4:  grunt_snake_rune_pools, layout_grid_shapes, serial_shops, shop,
          nicolae_snake_horde_hoard
Orc:1:    layout_caves, basic_altar, minmay_orc_temple_a, uniq_gastronok
Orc:2:    st_orc_town, layout_caves, nicolae_shop_self_help
Elf:1:    eino_elf_arrival_customs, layout_gridlike,
          portal_desolation_entry_twin_temple, serial_shops, shop,
          evilmike_minifort, nicolae_elf_big_sculpture_3, nicolae_danse_macabre,
          lemuel_upstairs_altar, grunt_megastairs_2
Elf:2:    nicolae_elf_blades_crystal_corner, layout_geoelf_diagonals
Elf:3:    grunt_elf_hall_spiral, layout_geoelf_diagonals
Vaults:1: grunt_vaults_diagonal, nicolae_vaults_network_s,
          nicolae_vaults_taking_the_gang_shopping, vaults_room_fours,
          nicolae_vaults_ring_of_whatevers, v_rooms_1, nicolae_vaults_tangram_2,
          grunt_vaults_swirl, nicolae_vaults_diagonal_hallway_8,
          nicolae_vaults_offset_grid_hallway_4, layout_vaults_maze_snakey
Vaults:2: mu_enter_wizlab_2, vaults_room_semicircle, hangedman_vaults_slice,
          nicolae_vaults_what_the_h, ontoclasm_vaults_shuriken,
          vaults_dpeg_emergency_exit, layout_vaults_ring, uniq_saint_roka
Vaults:3: vaults_dpeg_cross, v_misc_28, serial_ice_m, nicolae_vaults_oozy_zoo,
          hangedman_vaults_river_flow, v_misc_28, hangedman_vaults_trim,
          layout_vaults_quadrants, minmay_crypt_entry_skeletal_spiral
Vaults:4: nicolae_vaults_little_ls, nicolae_vaults_inception_corners,
          hangedman_vaults_nodes, nicolae_vaults_shelves_hall,
          nicolae_vaults_tetromino_L_2, nicolae_vaults_surprise_closet,
          ontoclasm_vaults_tryst, nicolae_vaults_spaceships,
          nicolae_vaults_apartment_1, nicolae_vaults_apartment_1,
          grunt_vaults_hallway_long, layout_vaults_omnibox
Vaults:5
Crypt:1:  layout_regular_city, uniq_zenata
Crypt:2:  layout_basic, grunt_megastairs_5
Crypt:3:  quadcrypt_mu, uniq_boris
Depths:1: layout_roguey, enter_ziggurat_a, nicolae_eternal_life, abyss_entry,
          grunt_hell_entry_dis_old, kennysheep_generic_room_4
Depths:2: evilmike_diamond_2, layout_cave_pools, hangedman_coc_ice_floe,
          nicolae_hepliaklqana_hippocampus, rand_demon_pan_entry_3, uniq_grunn,
          uniq_norris, uniq_josephina
Depths:3: minmay_the_grid_triangle_9x9_recursive_2_mashed
          [minmay_the_grid_triangle_9x9_prize_special,
          minmay_the_grid_triangle_9x9_windchime,
          minmay_the_grid_triangle_9x9_cache,
          minmay_the_grid_triangle_9x9_corruption], layout_honeycomb,
          abyss_entry_small_statue_room, grunt_mini_vestibule,
          minmay_misc_feat_rugged, minmay_staircase_windowed_small
Depths:4: grunt_x_marks_the_spot, layout_cave_shapes, hell_entry,
          lemuel_doored_altar, abyss_entry, rand_demon_pan_entry_8, uniq_jory,
          uniq_frederick
Zot:1:    ebering_greatest_show_in_zot, layout_onion_interference
Zot:2:    layout_basic, regret_index_zotdec_twisting_globes
Zot:3:    layout_concentric_octagons
Zot:4:    layout_onion_interference, hangedman_zot_wheel_spokes
Zot:5:    layout_gridlike

Skill      XL: |  1  2  3  4  5  6  7  8  9 10 11 12 13 14 15 16 17 18 19 20 21 22 23 24 25 26 27 |
---------------+----------------------------------------------------------------------------------+-----
Axes           | 1 2 3 5 7 10 12 13 15 16 18 19 | 19.9
Fighting       | 4 5 6 8 10 11 12 13 14 15 16 17 18 20 21 | 21.7
Invocations    | 4 7 8 9 11 13 14 15 16 17 18 | 18.0
Shields        | 5 9 12 13 15 16 18 19 20 21 22 24 25 27 | 27.0
Armour         | 4 5 6 8 9 10 11 12 13 14 15 16 | 16.7
Dodging        | 2 4 6 7 8 10 | 10.0
Evocations     | 2 5 7 9 10 | 10.0
Short Blades   | |  2.2
Stealth        | |  7.4

Action                     |  1- 3 |  4- 6 |  7- 9 | 10-12 | 13-15 | 16-18 | 19-21 | 22-24 | 25-27 || total
---------------------------+-------+-------+-------+-------+-------+-------+-------+-------+-------++-------
  Melee: Short sword       |    12 |       |       |       |       |       |       |       |       ||    12
         Punch             |     2 |     3 |     6 |    24 |       |       |       |       |       ||    35
         Whip              |    15 |       |       |       |       |       |       |       |       ||    15
         Hand axe          |     9 |    51 |       |       |       |       |       |       |       ||    60
         Mace              |       |    33 |       |       |       |       |       |       |       ||    33
         War axe           |       |     6 |   150 |   468 |   271 |       |       |       |       ||   895
         Bite              |       |       |    10 |    54 |    52 |       |       |       |       ||   116
         Constrict         |       |       |       |       |   154 |   175 |   186 |   180 |   140 ||   835
         Broad axe         |       |       |       |       |   446 |   697 |   961 |   875 |   852 ||  3831
         Flail             |       |       |       |       |    30 |       |       |       |       ||    30
   Fire: Orcbow            |    43 |       |       |       |       |       |       |       |       ||    43
  Throw: Dart              |       |    11 |    22 |    13 |     6 |       |       |       |     2 ||    54
 Invoke: Stomp             |       |       |     5 |     2 |    11 |     2 |     2 |       |       ||    22
         Grand Finale      |       |       |       |       |     1 |       |       |     3 |       ||     4
Ability: Spit Poison       |    18 |    11 |     9 |     8 |     2 |       |       |       |       ||    48
  Evoke: Wand              |       |       |     8 |     4 |    12 |     1 |     3 |     1 |       ||    29
    Use: Scroll            |     3 |     4 |     2 |     6 |    12 |     2 |     1 |     3 |    15 ||    48
         Potion            |       |       |     4 |       |     6 |       |     2 |       |    10 ||    22
   Stab: Sleeping          |     2 |    11 |     5 |     9 |     3 |     8 |     9 |    28 |     3 ||    78
         Paralysed         |       |       |     9 |    43 |    88 |    97 |   159 |   165 |   176 ||   737
         Distracted        |       |       |       |     1 |     4 |     1 |     1 |     5 |       ||    12
 Armour: Leather armour    |    49 |    63 |   181 |   158 |       |       |       |       |       ||   451
         Steam dragon scal |       |       |       |   121 |       |       |       |       |       ||   121
         Chain mail        |       |       |       |    52 |   568 |   466 |   568 |   303 |   178 ||  2135
         Plate armour      |       |       |       |       |       |       |       |       |   258 ||   258
  Dodge: Dodged            |    34 |    33 |    70 |   207 |   235 |   195 |   213 |   133 |   162 ||  1282
  Block: Kite shield       |       |       |       |    66 |   415 |   132 |       |       |       ||   613
         Tower shield      |       |       |       |       |       |   683 |  1093 |  1019 |  1198 ||  3993

Table legend: (Time is in decaauts)
 A = Elapsed time spent in this place.
 B = Non-inter-level travel time spent in this place.
 C = Inter-level travel time spent in this place.
 D = Time resting spent in this place.
 E = Time spent auto-exploring this place.
 F = Levels seen in this place.
 G = Mean time per level.
                   A        B        C        D        E       F      G
               +--------+--------+--------+--------+--------+-----+--------+
         Total |  76395 |  67980 |   8415 |   8519 |  43501 |  57 | 1340.3 |
       Dungeon |  23769 |  19662 |   4107 |   2804 |  12487 |  15 | 1584.6 |
        Temple |     16 |     16 |      0 |      0 |      0 |   1 |   16.0 |
          Lair |   7148 |   6185 |    963 |    572 |   4558 |   5 | 1429.6 |
         Swamp |   4865 |   4657 |    208 |   1260 |   2470 |   4 | 1216.2 |
     Snake Pit |   7068 |   6707 |    361 |   1253 |   4204 |   4 | 1767.0 |
  Orcish Mines |   2108 |   1772 |    336 |      0 |   1169 |   2 | 1054.0 |
   Elven Halls |   3693 |   3318 |    375 |    230 |   2164 |   3 | 1231.0 |
        Vaults |   8488 |   7491 |    997 |    286 |   5357 |   5 | 1697.6 |
         Crypt |   4141 |   4021 |    120 |    196 |   2903 |   3 | 1380.3 |
        Depths |   5873 |   5260 |    613 |     47 |   4009 |   4 | 1468.2 |
           Zot |   4151 |   3820 |    331 |    403 |   2561 |   5 |  830.2 |
         Abyss |    242 |    242 |      0 |     16 |      0 |   1 |  242.0 |
         Trove |    114 |    114 |      0 |      0 |      0 |   1 |  114.0 |
      Ice Cave |   1778 |   1778 |      0 |    802 |    647 |   1 | 1778.0 |
        Wizlab |    996 |    996 |      0 |    572 |      7 |   1 |  996.0 |
    Desolation |   1088 |   1088 |      0 |     12 |    525 |   1 | 1088.0 |
      Gauntlet |    849 |    849 |      0 |     63 |    436 |   1 |  849.0 |
               +--------+--------+--------+--------+--------+-----+--------+

Top non-repeatable levels by time:
 Snake:4: 3556 daAuts
    D:11: 3236 daAuts
Vaults:3: 2377 daAuts
 Swamp:4: 2340 daAuts
    D:10: 2259 daAuts
 Crypt:3: 2035 daAuts
    D:13: 1914 daAuts
Vaults:5: 1903 daAuts
     D:8: 1822 daAuts
Depths:4: 1783 daAuts
   IceCv: 1778 daAuts
     D:3: 1778 daAuts
     D:6: 1757 daAuts
  Lair:5: 1650 daAuts
   Elf:1: 1646 daAuts

Table legend:
 A = Kills in this place as a percentage of kills in the entire game.
 B = Kills by you in this place as a percentage of kills by you in the entire game.
 C = Kills by friends in this place as a percentage of kills by friends in the entire game.
 D = Other kills in this place as a percentage of other kills in the entire game.
 E = Experience gained in this place as a percentage of experience gained in the entire game.
 F = Experience gained in this place divided by the number of levels of this place that you have seen.
                   A       B       C       D       E      F
               +-------+-------+-------+-------+-------+----------------------
         Total | 100.0 | 100.0 | 100.0 | 100.0 | 100.0 | 24452.1
       Dungeon |  19.9 |  19.9 | 100.0 |   0.0 |   7.1 | 6636.5
          Lair |   6.1 |   6.0 |   0.0 |  28.6 |   3.1 | 8676.0
         Swamp |   4.8 |   4.8 |   0.0 |   0.0 |   4.7 | 16326.5
     Snake Pit |   8.3 |   8.4 |   0.0 |   0.0 |   8.0 | 27909.8
  Orcish Mines |   7.2 |   7.2 |   0.0 |   0.0 |   1.3 | 9363.5
   Elven Halls |   6.1 |   6.1 |   0.0 |  14.3 |   8.1 | 37473.0
        Vaults |  14.6 |  14.6 |   0.0 |  14.3 |  19.7 | 55038.8
         Crypt |   7.6 |   7.6 |   0.0 |   0.0 |   8.6 | 40075.3
        Depths |  10.8 |  10.8 |   0.0 |  14.3 |  17.2 | 60104.0
           Zot |   6.9 |   6.9 |   0.0 |  14.3 |  15.9 | 44302.2
         Abyss |   0.2 |   0.2 |   0.0 |   0.0 |   0.1 | 1542.0
      Ice Cave |   1.8 |   1.8 |   0.0 |  14.3 |   1.2 | 16912.0
        Wizlab |   0.6 |   0.6 |   0.0 |   0.0 |   1.0 | 13329.0
    Desolation |   4.6 |   4.6 |   0.0 |   0.0 |   3.5 | 49437.0
      Gauntlet |   0.4 |   0.4 |   0.0 |   0.0 |   0.3 | 4185.0
               +-------+-------+-------+-------+-------+----------------------
